AoeStats
← 許瑞德

Arabia

510092318Analyzed
2v2 RM · 2d ago on Sep 29, 2026· 61m 11s· 4 players
Game mode
Random Map
Map size
Medium (4 player)
Population
200
Speed
Normal
Resources
Standard
Victory
Conquest
Starting age
Dark Age
Ending age
Imperial Age
RankedLock teamsTeams togetherTeam positionsShared explorationLock speedFull tech treeHidden civsTurbo modeCheats
Victory
Defeat
🇹🇼 Spanish · Taiwan
888
+16
🇹🇼 Burgundians · Taiwan
869
+17
🇹🇷 Vietnamese · Türkiye
926
-18
🇦🇷 Japanese · Argentina
852
-15
許瑞德
0:42 Loom
12:06 Feudal Age
13:02 Wheelbarrow
17:54 Castle Age
15:57 Double-Bit Axe
16:13 Horse Collar
19:15 Scale Barding Armor
21:24 Forging
22:22 Chain Barding Armor
23:24 Cavalier
28:58 Town Watch
34:54 Imperial Age
32:46 Hand Cart
33:11 Heavy Plow
40:14 Iron Casting
39:59 Husbandry
39:59 Gold Mining
43:41 Paladin
45:16 Burgundian Vineyards
46:21 Plate Barding Armor
45:46 Stone Mining
49:42 Blast Furnace
49:59 Conscription
49:39 Fletching
50:56 Padded Archer Armor
50:52 Bodkin Arrow
50:55 Elite Skirmisher
52:22 Ballistics
54:47 Leather Archer Armor
59:27 Murder Holes
Heisenberg
10:43 Feudal Age
18:00 Castle Age
16:18 Double-Bit Axe
16:21 Horse Collar
16:51 Loom
17:13 Stone Mining
18:26 Wheelbarrow
17:40 Loom
19:47 Husbandry
20:15 Forging
26:08 Town Watch
28:11 Bloodlines
28:39 Iron Casting
29:31 Fletching
33:25 Town Patrol
34:00 Ballistics
37:15 Imperial Age
38:49 Thumb Ring
39:49 Chemistry
39:32 Conscription
38:52 Elite Skirmisher
43:03 Gold Mining
45:32 Bodkin Arrow
45:02 Cavalier
52:47 Padded Archer Armor
53:27 Heavy Plow
57:09 Hand Cart
56:27 Pikeman
57:09 Squires
57:21 Halberdier
60:11 Supremacy
Quila
5:11 Loom
5:29 Loom
10:29 Feudal Age
20:44 Castle Age
18:46 Fletching
20:24 Horse Collar
20:31 Double-Bit Axe
21:08 Crossbowman
22:27 Pikeman
23:10 Scale Mail Armor
27:40 Forging
37:06 Imperial Age
35:35 Bow Saw
35:28 Heavy Plow
35:23 Gold Mining
36:14 Thumb Ring
37:05 Wheelbarrow
36:36 Bodkin Arrow
37:02 Squires
38:13 Iron Casting
43:53 Chemistry
46:34 Ballistics
46:15 Halberdier
47:36 Chain Mail Armor
50:56 Bracer
trieukhom
2:10 Loom
12:54 Feudal Age
14:14 Horse Collar
18:45 Castle Age
18:17 Gold Mining
21:41 Squires
28:59 Scale Mail Armor
32:23 Pikeman
32:52 Arson
37:19 Double-Bit Axe
39:42 Stone Mining
51:40 Bow Saw
51:40 Heavy Plow
Connection lost

Rejoining the realm…

Still unreachable

The connection could not be restored.

Session expired

The server has moved on; the page needs a fresh start.